 Dungeon Crawl Stone Soup version 0.25-a0-804-g50c693f418 (webtiles) character file.

Game seed: 8503669894822399285, levelgen mode: deterministic

69 unvid the Changer (level 4, -1/38 HPs)
             Began as a Naga Transmuter on Apr 19, 2020.
             Slain by a hobgoblin
             ... wielding a +0 war axe
              (9 damage)
             ... on level 3 of the Dungeon.
             The game lasted 00:03:09 (3035 turns).

unvid the Changer (Naga Transmuter)                 Turns: 3035, Time: 00:03:10

Health: -1/38      AC:  3    Str: 12    XL:     4   Next: 20%
Magic:  7/7        EV: 10    Int: 13    God:
Gold:   91         SH:  0    Dex: 13    Spells: 1/7 levels left

rFire    . . .     SeeInvis +     - Unarmed
rCold    . . .     Gourm    .   (no shield)
rNeg     . . .     Faith    .   b - +0 robe
rPois    +         Spirit   .   (no helmet)
rElec    .         Reflect  .   s - +0 cloak
rCorr    .         Harm     .   (no gloves)
MR       .....                  (no barding)
Stlth    ++........             (no amulet)
HPRegen  0.12/turn              q - ring of wizardry
MPRegen  0.10/turn              (no ring)

@: short of breath, very slow
A: large, see invisible, deformed body, poison resistance, slowness 2, slow
metabolism 1, spit poison 1, AC +1
a: Spit Poison


You were on level 3 of the Dungeon.
You were hungry.

You visited 1 branch of the dungeon, and saw 3 of its levels.

You collected 91 gold pieces.

Inventory:

Missiles
 a - 92 arrows
Armour
 b - a +0 robe (worn)
 s - a +0 cloak (worn)
Jewellery
 q - a ring of wizardry (left hand)
Scrolls
 c - 3 scrolls of identify {unknown}
 e - a scroll of fear {unknown}
 h - a scroll of teleportation {unknown}
 j - 2 scrolls of fog {unknown}
 k - a scroll of blinking {unknown}
 l - a scroll of enchant armour {unknown}
 m - a scroll of enchant weapon {unknown}
 r - a scroll of remove curse {unknown}
Potions
 f - 2 potions of mutation {unknown}
 g - a potion of invisibility {unknown}
 i - a potion of degeneration {unknown}
 n - a potion of magic {unknown}
 o - a potion of curing {unknown}
 p - a potion of resistance {unknown}
 t - a potion of cancellation {unknown}
 u - a potion of brilliance {unknown}
Comestibles
 d - 8 rations


   Skills:
 + Level 1.1 Fighting
 - Level 1.5 Dodging
 + Level 3.1 Stealth
 * Level 3.1 Unarmed Combat
 - Level 2.0 Spellcasting
 - Level 3.5 Transmutations


You had one spell level left.
You knew the following spells:

 Your Spells              Type           Power        Failure   Level  Hunger
a - Beastly Appendage     Tmut           ##....       2%          1    ##.....
b - Sticks to Snakes      Tmut           ##......     3%          2    ###....
c - Spider Form           Tmut/Pois      #.........   16%         3    ####...

Your spell library contained the following spells:

 Spells                   Type           Power        Failure   Level  Hunger
 Ice Form                 Ice/Tmut       #.......     43%         4    #####..
 Blade Hands              Tmut           ##........   52%         5    ######.


Dungeon Overview and Level Annotations

Branches:
Dungeon (3/15)

Altars:


Innate Abilities, Weirdness & Mutations

You cannot wear boots.
Your serpentine skin is tough. (AC +1)
You have supernaturally acute eyesight. (SInv)
Armour fits poorly on your strangely shaped body.
Your system is resistant to poisons. (rPois)
You cover ground very slowly.
You have a slow metabolism.
You can spit poison.


Message History

The hobgoblin hits you with a +0 war axe!
You barely miss the hobgoblin. You barely miss the hobgoblin.
The hobgoblin barely misses you.
You barely miss the hobgoblin.
You have got your breath back.
The hobgoblin hits you with a +0 war axe!
You are too injured to fight recklessly!
You barely miss the hobgoblin.
The hobgoblin hits you with a +0 war axe!
* * * LOW HITPOINT WARNING * * *
You are too injured to fight recklessly!
You are too injured to fight recklessly!
Press: ? - help, Shift-Dir - straight line, f/p - hobgoblin
Aim: a hobgoblin, wielding a +0 war axe The splash of poison hits the hobgoblin.
The hobgoblin is poisoned.
The hobgoblin is moderately wounded.
You feel slightly more hungry.
The hobgoblin hits you with a +0 war axe!
You die...

#.. #....) ### #..# .....
#.# #..# ....
#.###..####### ...
##............#### l.
................. .#. #.
#.###..##.##.###.
.....#.###.#.#............
#......g@................
#...#.###.#.#..###...###.
... ... ........# ##..# #.
. ..##b###.#.#..# #..# #.
#. #. #.#.#..# #..# #. ..
). ......... ..# #. . ..
##.#....... .. ..
.........#


You could see a hobgoblin.

Vanquished Creatures
  An adder (D:2)
  3 dart slugs (D:2)
  3 worms (D:2)
  2 leopard geckos (D:2)
  2 giant cockroaches
  7 hobgoblins
  5 bats
  3 frilled lizards
  4 goblins
  10 kobolds
  5 rats
45 creatures vanquished.

Notes
Turn   | Place    | Note
-------+----------+-------------------------------------------
     0 | D:1      | unvid the Naga Transmuter began the quest for the Orb.
     0 | D:1      | Reached XP level 1. HP: 18/18 MP: 3/3
   227 | D:1      | Reached skill level 1 in Stealth
   305 | D:1      | Reached XP level 2. HP: 17/25 MP: 3/5
  1234 | D:2      | Reached XP level 3. HP: 23/31 MP: 4/6
  1905 | D:2      | Learned a level 2 spell: Sticks to Snakes
  1909 | D:2      | Learned a level 3 spell: Spider Form
  2144 | D:2      | Reached XP level 4. HP: 25/38 MP: 7/7
  3035 | D:3      | Slain by a hobgoblin

Levels and vault maps discovered:
D:1:      ncdulo_watergridlock, layout_basic
D:2:      layout_basic, first_ration, roderic_roman_lattice, minmay_tromino_mix6
D:3:      layout_basic, nicolae_qazlal_style_of_elements, uniq_ijyb,
          uniq_grinder

Skill      XL: |  1  2  3 |
---------------+----------+-----
Stealth        | 1 2 3 |  3.1
Transmutations | 3 |  3.5
Fighting       | |  1.1
Dodging        | |  1.5
Unarmed Combat | |  3.1
Spellcasting   | |  2.0

Action                   |  1- 3 |  4- 6 || total
-------------------------+-------+-------++-------
Melee: Unarmed           |   123 |    40 ||   163
       Headbutt          |     8 |     1 ||     9
       Punch             |     1 |     1 ||     2
 Cast: Beastly Appendage |     7 |     1 ||     8
 Abil: Spit Poison       |    11 |     3 ||    14
 Stab: Sleeping          |     5 |     1 ||     6
  Eat: Chunk             |     3 |     2 ||     5
Armor: Robe              |    37 |     6 ||    43
Dodge: Dodged            |    79 |    12 ||    91

Table legend:
 A = Non-vault XP
 B = Vault XP
 C = Vault XP percentage of total XP
 D = Non-vault monster count
 E = Vault monster count
 F = Vault count percentage of total count
                 A         B        C        D         E       F
            +---------+---------+-------+---------+---------+-------
      Total |      95 |       4 |   4.0 |      42 |       3 |   6.7
            +---------+---------+-------+---------+---------+-------
        D:1 |      27 |       0 |   0.0 |      19 |       0 |   0.0
        D:2 |      68 |       4 |   5.6 |      23 |       3 |  11.5
            +---------+---------+-------+---------+---------+-------
